 Seeded DCSS version 0.31.0-12-g77e489cdc1 (webtiles) character file.

Game seed: 9399991975191522839 (custom seed)

627079 CInkIbrahim the Slayer (level 27, -27/240 HPs)
             Began as a Merfolk Shapeshifter on Feb 29, 2024.
             Was the Champion of Makhleb.
             Killed by dispel undead
             ... invoked by a revenant
              (51 damage)
             ... on level 7 of the Abyss on Mar 2, 2024.
             The game lasted 03:15:13 (64796 turns).

CInkIbrahim the Slayer (Merfolk Shapeshifter)      Turns: 64796, Time: 03:15:13

Health: -27/240    AC: 49    Str: 33 (36) XL:     27
Magic:  15/35      EV: 19    Int:  5 (9)  God:    Makhleb [******]
Gold:   3048       SH: 34    Dex: 13 (18) Spells: 26/26 levels left

rFire   + . .        a - +8 demon trident "Rift" {distort, reach+}
rCold   + . .        M - +10 tower shield of Ignorance {rN+ Int-4}
rNeg    + + +        i - +8 crystal plate armour "Nuuts" {rN+ Will++ Int+2}
rPois   ∞            u - +1 helmet "Otoam" {rF+ Int+2}
rElec   .            W - scarf {repulsion}
rCorr   +            J - +3 pair of gauntlets of War {Slay+5}
SInv    +            z - +3 pair of seven-league boots {Rampage+∞}
Will    +++++        t - amulet of Xegur {Reflect rPois Slay+2 SH+5 Stlth+} Stlth
                     N - ring "Ojeavino" {^Contam Will+ EV+5 Str+2 SInv}
HPRegen 0.60/turn    Y - ring of Baochaol {rCorr Str+6}
MPRegen 0.24/turn

%: repel missiles, reflection, rampage+∞
@: death-form, flying, studying 2 skills
A: vile attack, torment immunity, no potions, (nimble swimmer 2), mertail,
iridescent scales 1, agile 1, strong 1
}: 4/15 runes: decaying, slimy, silver, gossamer
a: Siphon Essence, Begin Untransformation, Renounce Religion, Minor Destruction,
Lesser Servant of Makhleb, Major Destruction, Greater Servant of Makhleb


You were on level 7 of the Abyss.
You worshipped Makhleb.
Makhleb was exalted by your worship.
You were an undying horror.
You visited 11 branches of the dungeon, and saw 51 of its levels.
You visited the Abyss 3 times.
You also visited: Ossuary, Bailey, Ice Cave, Volcano and Wizlab.

You collected 9878 gold pieces.
You spent 6830 gold pieces at shops.

Inventory:

Hand Weapons
 a - the +8 demon trident "Rift" (weapon) {distort, reach+}
   (You bought it in a shop on level 3 of the Dungeon)
Armour
 c - the +2 pair of gloves of the Furrier {rF+}
   (You found it on level 5 of the Vaults)

   rF+:       It protects you from fire.
 h - a scarf of shadows
 i - the +8 crystal plate armour "Nuuts" (worn) {rN+ Will++ Int+2}
   (You bought it in a shop on level 3 of the Dungeon)

   Int+2:     It affects your intelligence (+2).
   rN+:       It protects you from negative energy.
   Will++:    It greatly increases your willpower.
 u - the +1 helmet "Otoam" (worn) {rF+ Int+2}
   (You found it on level 1 of the Swamp)

   Int+2:     It affects your intelligence (+2).
   rF+:       It protects you from fire.
 z - the +3 pair of seven-league boots (worn) {Rampage+∞}
   (You bought it in a shop on level 3 of the Dungeon)

   Rampage+∞: When moving toward enemies, its wearer moves as far as possible,
   alerting their target en route.
 J - the +3 pair of gauntlets of War (worn) {Slay+5}
   (You found it on level 3 of the Elven Halls)

   Slay+5:    It affects your accuracy & damage with ranged weapons and melee
   (+5).
 M - the +10 tower shield of Ignorance (worn) {rN+ Int-4}
   (You bought it in a shop on level 3 of the Vaults)

   Int-4:     It affects your intelligence (-4).
   rN+:       It protects you from negative energy.
 W - a scarf of repulsion (worn)
 Z - a +2 cloak of preservation
Jewellery
 e - a ring of protection from fire
 m - the ring "Oshreequc" {Str+6 Dex+4}
   (You took it off a deep elf zephyrmancer on level 3 of the Elven Halls)

   [ring of strength]

   Str+6:     It affects your strength (+6).
   Dex+4:     It affects your dexterity (+4).
 t - the amulet of Xegur (around neck) {Reflect rPois Slay+2 SH+5 Stlth+}
   (You found it on level 2 of the Spider Nest)

   [amulet of reflection]

   Reflect:   It reflects blocked missile attacks.
   Slay+2:    It affects your accuracy & damage with ranged weapons and melee
   (+2).
   rPois:     It protects you from poison SH+5: It affects your SH (+5).
   Stlth+:    It makes you more stealthy.
 A - a +4 ring of slaying
 E - the ring of Doors {^Contam rElec rPois Int+6 Dex+4}
   (You found it on level 5 of the Pits of Slime)

   [ring of intelligence]

   Int+6:     It affects your intelligence (+6).
   Dex+4:     It affects your dexterity (+4).
   rElec:     It insulates you from electricity.
   rPois:     It protects you from poison ^Contam: It causes magical
   contamination when unequipped.
 N - the ring "Ojeavino" (left hand) {^Contam Will+ EV+5 Str+2 SInv}
   (You found it in a wizard's laboratory)

   [ring of evasion]

   EV+5:      It affects your evasion (+5).
   Str+2:     It affects your strength (+2).
   Will+:     It increases your willpower.
   SInv:      It lets you see invisible.
   ^Contam:   It causes magical contamination when unequipped.
 S - a ring of protection from cold
 Y - the ring of Baochaol (right hand) {rCorr Str+6}
   (You bought it in a shop on level 8 of the Dungeon)

   [ring of strength]

   Str+6:     It affects your strength (+6).
   rCorr:     It protects you from acid and corrosion.
Talismans
 d - the death talisman of the Endless Expanse (active) {Fly}
   (You found it on level 1 of the Depths)

   [talisman of death]

   Fly:       It grants you flight.
Wands
 y - a wand of quicksilver (51)
 L - a wand of polymorph (50)
 T - a wand of digging (21)
Scrolls
 b - 3 scrolls of blinking
 g - 10 scrolls of enchant weapon
 j - 3 scrolls of revelation
 l - 21 scrolls of teleportation
 o - 10 scrolls of enchant armour
 q - 9 scrolls of fog
 s - 12 scrolls of immolation
 D - 5 scrolls of brand weapon
 R - 5 scrolls of poison
 X - 7 scrolls of silence
Potions
 k - a potion of resistance
 n - 12 potions of enlightenment
 v - 5 potions of mutation
 x - 12 potions of ambrosia
 B - 8 potions of heal wounds
 C - 14 potions of attraction
 F - 5 potions of berserk rage
 G - 10 potions of haste
 H - 16 potions of curing
 I - 2 potions of might
 O - 3 potions of cancellation
Miscellaneous
 r - a phantom mirror
 K - a lightning rod (4/4)
 Q - a box of beasts
 U - a phial of floods


   Skills:
 + Level 24.6 Fighting
 + Level 20.0 Polearms
 + Level 20.1 Armour
 + Level 21.7 Dodging
 + Level 5.1 Stealth
 + Level 16.6 Shields
 - Level 3.2 Unarmed Combat
 - Level 16.0 Invocations
 - Level 23.0 Shapeshifting


You had 26 spell levels left.
You didn't know any spells.
Your spell library contained the following spells:

 Spells                   Type           Power      Damage    Failure   Level
 Apportation              Tloc           0%         N/A       100%        1
 Foxfire                  Conj/Fire      0%         2x1d4     100%        1
 Freeze                   Ice            0%         1d3       100%        1
 Kiss of Death            Conj/Necr      0%         2d5       100%        1
 Magic Dart               Conj           0%         1d3       100%        1
 Necrotise                Necr           0%         1d4       100%        1
 Shock                    Conj/Air       0%         1d3       100%        1
 Slow                     Hex            0%         N/A       100%        1
 Sting                    Conj/Alch      0%         1d3       100%        1
 Summon Small Mammal      Summ           0%         N/A       100%        1
 Blink                    Tloc           0%         N/A       100%        2
 Call Imp                 Summ           0%         N/A       100%        2
 Cigotuvi's Dreadful Rot  Necr/Alch/Air  0%         N/A       100%        2
 Ensorcelled Hibernation  Hex/Ice        0%         N/A       100%        2
 Jinxbite                 Hex            0%         N/A       100%        2
 Lesser Beckoning         Tloc           0%         N/A       100%        2
 Mercury Vapours          Alch/Air       0%         N/A       100%        2
 Momentum Strike          Conj/Tloc      0%         3d8       100%        2
 Scorch                   Fire           0%         2d5       100%        2
 Static Discharge         Conj/Air       0%         3-3/arc   100%        2
 Sublimation of Blood     Necr           0%         N/A       100%        2
 Call Canine Familiar     Summ           0%         N/A       100%        3
 Confusing Touch          Hex            0%         N/A       100%        3
 Dazzling Flash           Conj/Hex       0%         N/A       100%        3
 Frozen Ramparts          Ice            0%         1d1       100%        3
 Gell's Gravitas          Tloc           0%         N/A       100%        3
 Hailstorm                Conj/Ice       0%         3d5       100%        3
 Inner Flame              Hex/Fire       0%         N/A       100%        3
 Mephitic Cloud           Conj/Alch/Air  0%         N/A       100%        3
 Passwall                 Erth           0%         N/A       100%        3
 Sigil of Binding         Hex            0%         N/A       100%        3
 Summon Ice Beast         Ice/Summ       0%         N/A       100%        3
 Swiftness                Air            0%         N/A       100%        3
 Teleport Other           Tloc           0%         N/A       100%        3
 Tukima's Dance           Hex            0%         N/A       100%        3
 Vampiric Draining        Necr           0%         2d6       100%        3
 Volatile Blastmotes      Fire/Tloc      0%         2d10      100%        3
 Airstrike                Air            0%         2d(0-16)  100%        4
 Anguish                  Hex/Necr       0%         N/A       100%        4
 Animate Armour           Summ/Erth      0%         N/A       100%        4
 Animate Dead             Necr           0%         N/A       100%        4
 Brom's Barrelling Bould  Conj/Erth      0%         2d3       100%        4
 Cause Fear               Hex            0%         N/A       100%        4
 Dimensional Bullseye     Hex/Tloc       0%         N/A       100%        4
 Dispel Undead            Necr           0%         3d6       100%        4
 Flame Wave               Conj/Fire      0%         2d4       100%        4
 Fulminant Prism          Conj/Alch      0%         3d5       100%        4
 Ignite Poison            Fire/Alch      0%         N/A       100%        4
 Iskenderun's Mystic Bla  Conj/Tloc      0%         2d3       100%        4
 Leda's Liquefaction      Alch/Erth      0%         N/A       100%        4
 Martyr's Knell           Necr/Summ      0%         N/A       100%        4
 Passage of Golubria      Tloc           0%         N/A       100%        4
 Petrify                  Alch/Erth      0%         N/A       100%        4
 Sticky Flame             Fire/Alch      0%         2d4       100%        4
 Summon Blazeheart Golem  Fire/Summ      0%         N/A       100%        4
 Summon Lightning Spire   Summ/Air       0%         N/A       100%        4
 Vhi's Electric Charge    Tloc/Air       0%         N/A       100%        4
 Arcjolt                  Conj/Air       0%         1d10      100%        5
 Borgnjor's Vile Clutch   Necr/Erth      0%         N/A       100%        5
 Fireball                 Conj/Fire      0%         3d3       100%        5
 Freezing Cloud           Conj/Ice/Air   0%         6-21      100%        5
 Irradiate                Conj/Alch      0%         3d11      100%        5
 Iskenderun's Battlesphe  Conj           0%         2d6       100%        5
 Lee's Rapid Deconstruct  Erth           0%         3d4*      100%        5
 Silence                  Hex/Air        0%         N/A       100%        5
 Summon Mana Viper        Hex/Summ       0%         N/A       100%        5
 Yara's Violent Unravell  Hex/Alch       0%         3d3       100%        5
 Bombard                  Conj/Erth      0%         9d1       100%        6
 Conjure Ball Lightning   Conj/Air       0%         3x3d6     100%        6
 Death Channel            Necr           0%         N/A       100%        6
 Dispersal                Tloc           0%         N/A       100%        6
 Plasma Beam              Fire/Air       0%         2x1d10    100%        6
 Sculpt Simulacrum        Ice/Alch       0%         N/A       100%        6
 Starburst                Conj/Fire      0%         6d3       100%        6
 Summon Cactus Giant      Summ           0%         N/A       100%        6
 Enfeeble                 Hex            0%         N/A       100%        7
 Malign Gateway           Summ/Tloc      0%         N/A       100%        7
 Orb of Destruction       Conj           0%         9d5       100%        7
 Spellforged Servitor     Conj/Summ      0%         N/A       100%        7
 Summon Hydra             Summ           0%         N/A       100%        7
 Ignition                 Fire           0%         3d3       100%        8
 Lehudib's Crystal Spear  Conj/Erth      0%         10d2      100%        8
 Maxwell's Capacitive Co  Air            0%         ∞         100%        8
 Summon Horrible Things   Summ           0%         N/A       100%        8
 Chain Lightning          Conj/Air       0%         N/A       100%        9
 Dragon's Call            Summ           0%         N/A       100%        9
 Fire Storm               Conj/Fire      0%         5d1       100%        9
 Polar Vortex             Ice            0%         N/A       100%        9
 Shatter                  Erth           0%         3d5*      100%        9


Dungeon Overview and Level Annotations

Branches:
Dungeon (15/15)            Temple (1/1) D:6            Lair (5/5) D:11
  Swamp (4/4) Lair:3       Spider (4/4) Lair:2        Slime (5/5) Lair:4
    Orc (2/2) D:11            Elf (3/3) Orc:2        Vaults (5/5) D:13
  Crypt (3/3) Vaults:2       Tomb (0/3) Crypt:3      Depths (4/4) D:15
    Zot (0/5) Depths:4    Ossuary (visited)          Bailey (visited)
  IceCv (visited)         Volcano (visited)          WizLab (visited)

Altars:
Ashenzari
Cheibriados
Dithmenos
Elyvilon
Fedhas
Gozag
Hepliaklqana
Kikubaaqudgha
Makhleb
Nemelex Xobeh
Okawaru
Qazlal
Ru
Sif Muna
Trog
Uskayaw
Vehumet
Wu Jian
Xom
Yredelemnul
Zin
The Shining One
Jiyva

Shops:
D:3 (*:[(   D:8 =   Orc:2 [([*   Elf:3 !?![   Vaults:1 *   Vaults:3 [
Vaults:5 !   Depths:4 =[

Portals:
Hell: Depths:1 Depths:2 Depths:3 Depths:4
Abyss: Depths:3
Pandemonium: Depths:1 Depths:2
Ziggurat: Depths:4
Trove: D:15 (give +5 demon whip)

Annotations:
D:15 4 transporters
Lair:3 exclusion: oklob plant
Swamp:1 2 transporters, Farjai's ghost, journeyman DsAl
Vaults:3 1 runed translucent door, garrulousMonolith's ghost, veteran GnFi
Depths:4 2 transporters, Xutext's ghost, adept DsAK
Abyss:1 Grunn
Abyss:7 Aizul


Innate Abilities, Weirdness & Mutations

You are an undying horror.
Your melee and unarmed attacks drain, slow and weaken victims.
You are immune to unholy pain and torment.
You cannot drink.
You are immune to poison.
((You are very nimble when in or above water. (Stealth+, EV+, Speed+++)))
Your lower body shifts to a powerful aquatic tail in water.
You are partially covered in iridescent scales. (AC +2)
You are agile. (Dex +4, Str/Int -1)
Your muscles are strong. (Str +4, Int/Dex -1)


Message History

Unknown command.
The smoke demon gestures at you. Something smites you!
* * * LOW HITPOINT WARNING * * *
A thrashing horror and a smoke demon come into view.
The thrashing horror roars!
The smoke demon roars!
A purple draconian shifter comes into view.
It is wielding a +0 dagger.
You are suddenly pulled into a different region of the Abyss!
The abyss shimmers again as the detected abyssal rune vanishes from your memory and reappears.
Unknown command.
Unknown command.
You start resting.
A revenant emerges from the beyond.
A revenant is nearby!
You start resting.
A large abomination comes into view.
A thrashing horror comes into view.
The thrashing horror roars! x2
You block the revenant's attack.
You impale the revenant!!
The revenant decays.
Space warps around the revenant.
The revenant is heavily damaged.
You hear an angry squeal. x2
A hell hog comes into view.
You puncture the revenant!
The revenant decays.
The revenant wobbles for a moment.
The revenant is heavily damaged.
You block the thrashing horror's attack. x2
You block the revenant's attack.
You puncture the revenant!
The revenant decays.
Space warps around the revenant.
The revenant is severely damaged.
You block the thrashing horror's attack. x2
You barely miss the revenant.
The revenant is severely damaged.
The thrashing horror completely misses you.
The thrashing horror misses you.
A hell hog comes into view.
The revenant points at you and mumbles some strange words.
You convulse!
You die...

# ## #.
#####.#### .
.###..#.....#
#..... #.#X.#
.
.##...##z#.#
#...###zXX.#
..z#..
###h#.h.#
§...# # .#
#### #. # .#
.# .# # . #


You could see a revenant (slow, weak), 2 hell hogs, 2 thrashing horrors and a
large abomination.

Vanquished Creatures
  the Royal Jelly (Slime:5)
  A dread lich (Vaults:5)
  An ancient lich (Depths:1)
  Mennas (Crypt:2)
  Mara (Vaults:5)
  The ghost of Sinef the Black Belt, a master OpSh of Ashenzari (Crypt:1)
  Xtahua (Abyss:5)
  Bai Suzhen (Vaults:5)
  Vv (Depths:4)
  Saint Roka (Elf:3)
  2 caustic shrikes (Depths:4)
  Nikola (Depths:1)
  A profane servitor (Abyss:5)
  2 bone dragons
  Arachne (Spider:3)
  Norris (Elf:2)
  2 doom hounds (Depths:3)
  A Cloud Mage (Abyss:5)
  6 tentacled monstrosities
  A walking crystal tome (Depths:2)
  Zenata (Elf:2)
  A hellephant (Abyss:5)
  Jorgrun (D:12)
  2 deep elf blademasters
  6 liches
  A Hell Sentinel (Abyss:6)
  5 titans
  A walking frostbound tome (Depths:4)
  6 tentacled starspawn
  4 deep elf master archers
  20 acid blobs
  Frances (D:12)
  7 sphinxes
  3 quicksilver dragons (Vaults:5)
  Donald (Elf:2)
  5 shadow dragons
  5 storm dragons
  2 storm dragons (shapeshifter)
  6 tengu reavers
  4 fenstrider witches (Swamp:4)
  A revenant (Crypt:2)
  12 rockslimes
  A draconian monk (Depths:4)
  14 azure jellies
  4 frost giants
  27 vault wardens
  7 fire giants
  3 ghost moths
  5 emperor scorpions
  A daeva (Abyss:5)
  9 deep elf sorcerers
  A draconian scorcher (Abyss:5)
  9 deep elf elementalists
  2 balrugs (Depths:2)
  Louise (Swamp:4)
  A reaper (Crypt:1)
  5 orc warlords
  An angel (Abyss:5)
  A broodmother (Spider:2)
  A spriggan defender (Depths:4)
  A ghoul (Swamp:4)
  7 formless jellyfish
  25 ironbound preservers
  4 ironbound thunderhulks
  8 very ugly things
  9 quicksilver oozes
  2 vampire knights
  An ophan (Abyss:6)
  22 stone giants
  2 yellow draconians (Depths:4)
  6 eleionomae
  A purple draconian (Abyss:5)
  6 deep elf death magi
  2 black draconians (Depths:4)
  A lorocyproca (Abyss:6)
  6 deep elf annihilators
  2 deep elf demonologists
  A red draconian (Abyss:5)
  8 bunyips
  7 spark wasps
  6 blizzard demons
  Azrael (Elf:2)
  4 mummy priests (Crypt:3)
  Snorg (D:11)
  5 war gargoyles
  2 dire elephants
  The ghost of Motwaexy the Fighter, a journeyman OnHW of Vehumet (D:11)
  6 ettins
  5 fire dragons
  A crystal guardian (Vaults:3)
  7 eidola
  10 jiangshi
  A merfolk impaler (Depths:1)
  A merfolk javelineer (Crypt:1)
  6 deep elf high priests
  A shambling mangrove (Swamp:4)
  41 vault guards
  18 yaktaur captains
  2 entropy weavers
  13 great orbs of eyes
  10 hydras
  A fenstrider witch zombie (Crypt:1)
  4 rakshasas
  4 caustic shrike simulacra (IceCv)
  5 ice dragons
  6 radroaches
  2 ghost crabs (Swamp:3)
  4 spriggan air magi
  3 alligators (Swamp:3)
  3 death knights
  A boulder beetle (shapeshifter) (Depths:2)
  A juggernaut simulacrum (Depths:2)
  4 ogre magi
  A hell beast (Swamp:4)
  4 jorogumos
  13 ironbound frosthearts
  4 peacekeepers
  A sphinx zombie (D:15)
  A catoblepas (shapeshifter) (Depths:2)
  19 centaur warriors
  8 two-headed ogres
  6 death yaks
  9 boulder beetles
  A titan zombie (Crypt:2)
  A spriggan berserker (Depths:3)
  6 hell hogs
  5 deep troll earth magi
  A two-headed ogre (shapeshifter) (Vaults:5)
  5 occultists
  4 orc high priests
  3 deep troll shamans
  30 dancing weapons
  12 vampire magi
  23 thrashing horrors
  3 soul eaters
  2 demonic crawlers
  A naga warrior (Crypt:1)
  A shock serpent (shapeshifter) (Depths:2)
  3 shock serpents (WizLab)
  18 deep elf knights
  A tengu warrior (Crypt:1)
  3 hell knights
  A storm dragon zombie (Abyss:5)
  Urug (Lair:4)
  A titan skeleton (Crypt:3)
  6 wretched stars
  2 sixfirhies (Swamp:4)
  2 iron trolls (Depths:4)
  9 pharaoh ants
  18 skeletal warriors
  A spatial maelstrom (Abyss:6)
  2 death drakes (WizLab)
  52 deep trolls
  A sea snake (shapeshifter) (Elf:1)
  2 shadow wraiths
  2 skysharks (Elf:2)
  6 goliath frogs
  16 large abominations
  4 orb spiders
  A spriggan simulacrum (IceCv)
  9 arcanists
  14 bog bodies
  A mana viper (Abyss:5)
  8 flayed ghosts
  17 phantasmal warriors
  3 glowing orange brains
  An orb spider (shapeshifter) (Depths:2)
  3 steelbarb worms
  8 deep elf archers
  7 lindwurms
  A sun moth (Depths:2)
  4 spriggan druids
  An obsidian statue (IceCv)
  2 swamp dragons
  3 harpies (Vaults:2)
  35 deep elf pyromancers
  22 deep elf zephyrmancers
  6 orc knights
  24 ironbound convokers
  Pikel (D:7)
  2 cyclopes
  3 manticores
  13 wolf spiders
  A frost giant zombie (Crypt:2)
  A jorogumo zombie (Crypt:1)
  7 necromancers
  7 orc sorcerers
  Maurice (D:7)
  7 will-o-the-wisps
  A stone giant zombie (Vaults:5)
  17 ugly things
  10 shining eyes
  2 moths of wrath
  A moth of wrath (shapeshifter) (Elf:1)
  A worldbinder (Abyss:5)
  3 centaur zombies (D:9)
  5 meliai
  5 apocalypse crabs
  6 black mambas
  17 vault sentinels
  5 gargoyles
  An elephant (Lair:5)
  5 smoke demons
  Maggie (D:6)
  4 orange demons
  2 eyes of devastation (Slime:5)
  A torpor snail (shapeshifter) (Vaults:5)
  7 cane toads
  A hellion (Abyss:6)
  3 torpor snails
  2 kobold demonologists
  An unseen horror (D:12)
  Jeremiah (D:7)
  2 rime drakes
  An efreet (Abyss:5)
  8 komodo dragons
  19 freezing wraiths
  A komodo dragon (shapeshifter) (Elf:1)
  63 yaktaurs
  4 anaconda simulacra (IceCv)
  A white draconian skeleton (Crypt:1)
  A harpy zombie (Crypt:2)
  8 ancient zymes
  A purple draconian skeleton (Crypt:2)
  3 tengu conjurers
  12 polar bears
  An ice devil (IceCv)
  A green draconian skeleton (Crypt:3)
  32 guardian mummies
  A queen bee (Spider:1)
  A sea snake skeleton (Crypt:3)
  A hornet (shapeshifter) (D:15)
  A wind drake (WizLab)
  12 tarantellas
  6 bloated husks
  6 tyrant leeches
  4 hellwings (Swamp:4)
  14 raiju
  19 hornets
  Prince Ribbit (D:9)
  5 trolls
  4 alligator simulacra (IceCv)
  A glass eye (shapeshifter) (Vaults:5)
  A moth of wrath zombie (Crypt:3)
  2 glass eyes
  A spriggan zombie (D:15)
  11 blink frogs
  A harpy skeleton (Abyss:5)
  A dream sheep (Lair:5)
  A dream sheep (shapeshifter) (Vaults:5)
  2 meliai zombies (D:9)
  35 jumping spiders
  6 culicivoras
  Sigmund (D:2)
  A centaur simulacrum (D:15)
  96 slime creatures
  A shadow (D:11)
  11 wraiths
  2 ynoxinuls (Abyss:5)
  16 air elementals
  9 fire elementals
  A wyvern (shapeshifter) (Elf:1)
  4 dire elephant simulacra (IceCv)
  Eustachio (D:5)
  10 vampires
  7 ushabtiu
  13 spriggans
  2 wyverns
  2 neqoxecs (Abyss:5)
  7 water elementals
  58 yaks
  3 fire bats (Lair:3)
  A wind drake skeleton (Crypt:1)
  3 basilisks
  6 wargs
  3 minotaur simulacra (IceCv)
  2 steam dragons
  14 vampire mosquitoes
  14 golden eyes
  27 redbacks
  A swamp worm (shapeshifter) (Abyss:5)
  2 chaos spawn
  A merfolk zombie (Crypt:1)
  3 small abominations (Abyss:5)
  A spatial vortex (Abyss:6)
  2 harpy simulacra (IceCv)
  A naga zombie (Crypt:2)
  13 swamp worms
  A two-headed ogre zombie (Crypt:3)
  An acid dragon (shapeshifter) (Elf:1)
  3 acid dragons
  19 water moccasins
  Duvessa (D:4)
  21 hell hounds
  A redback (shapeshifter) (Vaults:5)
  4 swamp drakes
  An ice beast (shapeshifter) (Elf:1)
  34 orc warriors
  A hornet zombie (Crypt:2)
  9 ice beasts
  16 black bears
  7 ogres
  2 ettin simulacra (IceCv)
  A swamp drake (shapeshifter) (Elf:1)
  24 laughing skulls
  5 boggarts
  18 centaurs
  A dream sheep zombie (Crypt:2)
  18 wolves
  5 phantoms
  3 kobold brigands
  15 bullfrogs
  2 brain worms (Abyss:5)
  6 gnoll sergeants
  9 scorpions
  An earth elemental (Elf:1)
  A necrophage (Crypt:3)
  A yaktaur skeleton (Crypt:2)
  A deep troll simulacrum (IceCv)
  A warg zombie (Crypt:3)
  10 wights (D:9)
  A wyvern skeleton (Crypt:3)
  Dowan (D:4)
  2 lindwurm simulacra (IceCv)
  31 killer bees
  2 troll skeletons
  8 electric eels
  A vampire bat (D:11)
  3 howler monkeys
  A human simulacrum (Vaults:5)
  5 hounds
  2 jellies
  2 bombardier beetles (D:5)
  A gnoll bouda (D:9)
  A bullfrog skeleton (Crypt:3)
  2 human zombies
  33 orc priests
  33 starcursed masses
  Crazy Yiuf (D:7)
  4 iguanas
  Jessica (D:2)
  5 scorpion zombies (Ossuary)
  A black bear skeleton (Crypt:1)
  45 orc wizards
  A crocodile zombie (Crypt:1)
  11 mummies
  Robin (D:3)
  7 adders
  29 gnolls
  A swamp drake skeleton (Crypt:2)
  A white imp (D:6)
  3 ufetubi (D:6)
  2 adder zombies (Ossuary)
  An iguana skeleton (Crypt:1)
  A ribbon worm (shapeshifter) (Elf:1)
  4 dart slugs
  A ribbon worm (D:2)
  58 orcs
  7 ball pythons
  5 bat skeletons (D:11)
  7 endoplasms
  5 giant cockroaches
  2 gnoll zombies (Ossuary)
  22 goblins
  12 hobgoblins
  2 jackals (D:1)
  3 quokkas
  A ball python zombie (Crypt:1)
  7 bats
  A goblin skeleton (Crypt:3)
  A jackal skeleton (Crypt:2)
  3 jackal zombies (Ossuary)
  18 kobolds
  4 kobold zombies (Ossuary)
  2 rats (D:3)
  3 starspawn tentacles (Abyss:5)
2436 creatures vanquished.

Vanquished Creatures (collateral kills)
  An ironbound thunderhulk (Vaults:3)
  A dancing weapon (Elf:2)
  A wolf spider (Spider:2)
3 creatures vanquished.

Vanquished Creatures (others)
  A blizzard demon (Abyss:6)
  A vault guard (Vaults:3)
  A thrashing horror (Abyss:5)
  2 deep elf knights
  A skyshark (Elf:2)
  A deep elf pyromancer (Elf:3)
  A vault sentinel (Vaults:3)
  A tarantella (Spider:2)
  A raiju (Abyss:5)
  A dream sheep (Lair:5)
  An air elemental (WizLab)
  2 water elementals (Abyss:5)
  An orc warrior (Orc:2)
  2 laughing skulls (Abyss:5)
  A boggart (Vaults:1)
  2 small abominations (Abyss:5)
  An orc wizard (Orc:2)
  3 orcs
  15 foxfires
  A lurking horror (Abyss:5)
  43 starspawn tentacles
83 creatures vanquished.

Grand Total: 2522 creatures vanquished

Notes
Turn   | Place    | Note
-------+----------+-------------------------------------------
     0 | D:1      | CInkIbrahim the Merfolk Shapeshifter began the quest for
                  | the Orb.
     0 | D:1      | Reached XP level 1. HP: 15/15 MP: 1/1
   168 | D:1      | Reached XP level 2. HP: 21/21 MP: 2/2
   344 | D:1      | Reached skill level 5 in Shapeshifting
   612 | D:2      | Noticed Sigmund
   621 | D:2      | Killed Sigmund
   622 | D:2      | Reached XP level 3. HP: 26/26 MP: 3/3
   622 | D:2      | Reached XP level 4. HP: 32/32 MP: 4/4
   622 | D:2      | Reached XP level 5. HP: 37/37 MP: 5/5
   969 | D:2      | Reached skill level 1 in Polearms
  1172 | D:2      | Noticed Jessica
  1182 | D:2      | Killed Jessica
  1183 | D:2      | Reached XP level 6. HP: 23/43 MP: 6/6
  1622 | D:3      | Found Seomub's General Store.
  1652 | D:3      | Found Tila Pen's Antique Armour Shop.
  1682 | D:3      | Found Ananegab's Book Shop.
  1697 | D:3      | Identified the +0 leather armour "Baral" {*Corrode rC+++}
  1727 | D:3      | Found Xerphasm's Weapon Emporium.
  1919 | D:3      | Found Diyr's Weapon Shoppe.
  2524 | D:4      | Reached skill level 5 in Polearms
  2580 | D:4      | Noticed Robin
  2716 | D:3      | Killed Robin
  2836 | D:4      | Found a sand-covered staircase.
  2845 | D:4      | HP: 2/43 [mummy (12)]
  2847 | D:4      | Reached XP level 7. HP: 2/48 MP: 7/7
  2850 | Ossuary  | Entered an ossuary
  2853 | Ossuary  | Gained mutation: You are weak. (Str -2) [potion of
                  | mutation]
  2853 | Ossuary  | Gained mutation: You have a pair of small antennae on your
                  | head. [potion of mutation]
  3523 | D:4      | Noticed Duvessa
  3523 | D:4      | Noticed Dowan
  3533 | D:4      | Killed Duvessa
  3534 | D:4      | Reached XP level 8. HP: 46/54 MP: 8/8
  3539 | D:4      | Killed Dowan
  4435 | D:5      | Entered Level 5 of the Dungeon
  4639 | D:5      | Reached skill level 10 in Polearms
  5276 | D:5      | Noticed Eustachio
  5316 | D:5      | Killed Eustachio
  5739 | D:5      | Found an iron altar of Okawaru.
  5771 | D:5      | Found a shadowy altar of Dithmenos.
  5896 | D:6      | Reached XP level 9. HP: 59/59 MP: 9/9
  5979 | D:6      | Noticed Maggie
  5998 | D:6      | Killed Maggie
  6355 | D:6      | Reached skill level 2 in Fighting
  6496 | D:6      | You fall into a shaft and drop 1 floor!
  6496 | D:7      | Found a flagged portal.
  6498 | D:7      | Identified the +10 spear "Ocutwap" {spect, MP+9 Str+2
                  | Dex+4}
  6508 | Bailey   | Entered a bailey
  6614 | Bailey   | Noticed an orc high priest
  6618 | Bailey   | Reached skill level 3 in Fighting
  6626 | Bailey   | Killed an orc high priest
  6627 | Bailey   | Reached skill level 4 in Fighting
  6668 | Bailey   | Reached skill level 5 in Fighting
  6668 | Bailey   | Reached XP level 10. HP: 72/74 MP: 10/10
  6955 | Bailey   | Acquired 924 gold pieces
  6987 | Bailey   | Reached skill level 6 in Fighting
  7017 | Bailey   | Found an iron altar of Okawaru.
  7017 | Bailey   | Noticed a kobold demonologist
  7045 | Bailey   | Killed a kobold demonologist
  7385 | D:7      | Reached skill level 7 in Fighting
  7497 | D:7      | Found a runed translucent door.
  7497 | D:7      | Found the +6 shillelagh "Devastator" {shatter}
  7498 | D:7      | Noticed Crazy Yiuf
  7503 | D:7      | Killed Crazy Yiuf
  7511 | D:7      | Reached skill level 10 in Fighting
  7511 | D:7      | Reached XP level 11. HP: 92/92 MP: 11/11
  7512 | D:7      | Reached XP level 12. HP: 98/98 MP: 12/12
  7813 | D:3      | Bought the +8 demon trident "Rift" {distort, reach+} for
                  | 1183 gold pieces
  7813 | D:3      | Found the +8 demon trident "Rift" {distort, reach+}
  7982 | D:6      | Found a staircase to the Ecumenical Temple.
  8005 | Temple   | Entered the Ecumenical Temple
  8034 | Temple   | Became a worshipper of Makhleb the Destroyer
  8618 | D:7      | Noticed Pikel
  8625 | D:7      | Killed Pikel
  8663 | D:7      | Reached skill level 1 in Shields
  8898 | D:7      | Noticed Maurice
  8901 | D:7      | Maurice stole the +10 spear "Ocutwap" {spect, MP+9 Str+2
                  | Dex+4}
  8903 | D:7      | Killed Maurice
  9019 | D:7      | Noticed Jeremiah
  9025 | D:7      | Killed Jeremiah
  9330 | D:8      | Found Qocvahimn's Jewellery Shoppe.
  9360 | D:8      | Reached * piety under Makhleb
  9429 | D:8      | Noticed a two-headed ogre
  9433 | D:8      | Reached skill level 11 in Fighting
  9444 | D:8      | Killed a two-headed ogre
  9666 | D:8      | Found a glowing silver altar of Zin.
  9911 | D:8      | Reached XP level 13. HP: 73/106 MP: 13/13
 10395 | D:9      | Reached ** piety under Makhleb
 10460 | D:9      | Noticed Prince Ribbit
 10500 | D:9      | Killed Prince Ribbit
 10762 | D:9      | Reached skill level 5 in Shields
 10767 | D:9      | Reached skill level 12 in Fighting
 11088 | D:9      | Reached *** piety under Makhleb
 11903 | D:9      | Reached skill level 15 in Dodging
 11960 | D:9      | Reached **** piety under Makhleb
 12218 | D:10     | Entered Level 10 of the Dungeon
 12864 | D:10     | Found a sacrificial altar of Ru.
 13385 | D:11     | Reached skill level 13 in Fighting
 13400 | D:11     | Found a staircase to the Lair.
 13499 | D:11     | Reached XP level 14. HP: 105/118 MP: 14/14
 13588 | D:11     | Found a staircase to the Orcish Mines.
 13628 | D:11     | Found a runed translucent door.
 13628 | D:11     | Noticed Motwaexy's ghost (journeyman OnHW)
 13643 | D:11     | Killed Motwaexy's ghost
 13730 | D:11     | Found an ancient bone altar of Kikubaaqudgha.
 13950 | Lair:1   | Entered Level 1 of the Lair of Beasts
 14179 | Lair:1   | Reached ***** piety under Makhleb
 14374 | Lair:1   | You fall into a shaft and drop 1 floor!
 15466 | Lair:2   | Reached skill level 14 in Fighting
 15583 | Lair:2   | Found a hole to the Spider Nest.
 15980 | D:8      | Bought the ring of Baochaol {rCorr Str+6} for 631 gold
                  | pieces
 16227 | Lair:3   | Found a dark tunnel.
 16243 | Volcano  | Entered a volcano
 16835 | Lair:3   | Found a staircase to the Swamp.
 17117 | Lair:4   | Noticed Urug
 17127 | Lair:4   | Killed Urug
 17265 | Lair:4   | Reached XP level 15. HP: 124/127 MP: 15/15
 17340 | Lair:4   | Reached skill level 10 in Shields
 17455 | Lair:4   | Reached skill level 15 in Fighting
 17475 | Lair:4   | Found a runed translucent door.
 17476 | Lair:4   | Found a viscous altar of Jiyva.
 17477 | Lair:4   | Found a staircase to the Slime Pits.
 17477 | Lair:4   | Noticed an acid blob
 17477 | Lair:4   | Noticed an acid blob
 17478 | Lair:4   | Noticed an acid blob
 17548 | Lair:4   | Reached ****** piety under Makhleb
 18235 | Lair:5   | Entered Level 5 of the Lair of Beasts
 19705 | Lair:5   | Reached skill level 16 in Fighting
 19792 | Lair:5   | Identified the +7 quarterstaff of Hueddi Upui {flame, Will-
                  | Dex+5}
 20073 | Orc:1    | Entered Level 1 of the Orcish Mines
 20202 | Orc:2    | Entered Level 2 of the Orcish Mines
 20300 | Orc:2    | Found a staircase to the Elven Halls.
 21306 | Orc:2    | Reached skill level 1 in Invocations
 21591 | Orc:2    | Reached XP level 16. HP: 129/138 MP: 17/17
 21645 | Orc:2    | Reached skill level 10 in Armour
 21758 | Orc:2    | Found Tackeph's Armour Emporium.
 21758 | Orc:2    | Found Xageidd's Antique Armour Shoppe.
 21759 | Orc:2    | Found Eneblusch's General Store.
 21763 | Orc:2    | Found Nipo's Weapon Emporium.
 22025 | D:12     | Noticed Jorgrun
 22027 | D:12     | Noticed Snorg
 22036 | D:12     | Killed Jorgrun
 22049 | D:11     | Killed Snorg
 22321 | D:12     | Noticed Frances
 22328 | D:12     | Killed Frances
 22651 | D:12     | Found an iron altar of Okawaru.
 22784 | D:12     | Found a runed translucent door.
 22859 | D:12     | Found a runed translucent door.
 23459 | D:13     | Found a gate to the Vaults.
 23491 | D:13     | Reached skill level 5 in Invocations
 23920 | D:13     | Reached skill level 17 in Fighting
 24723 | D:14     | Found a sacrificial altar of Ru.
 25159 | D:15     | Entered Level 15 of the Dungeon
 25616 | D:15     | Found a staircase to the Depths.
 25623 | D:15     | Reached XP level 17. HP: 147/147 MP: 21/21
 25710 | D:15     | Found a radiant altar of Vehumet.
 25750 | D:15     | Found a transporter.
 25751 | D:15     | Found a transporter.
 25754 | D:15     | Found a transporter.
 26245 | D:15     | Found a portal to a secret trove of treasure.
 26575 | D:15     | Found a transporter.
 26630 | D:15     | Lost mutation: You are weak. (Str -2) [potion of mutation]
 26630 | D:15     | Lost mutation: You have a pair of small antennae on your
                  | head. [potion of mutation]
 26630 | D:15     | Gained mutation: You are agile. (Dex +4, Str/Int -1)
                  | [potion of mutation]
 26630 | D:15     | Gained mutation: Your muscles are strong. (Str +4, Int/Dex
                  | -1) [potion of mutation]
 26630 | D:15     | Gained mutation: You are partially covered in iridescent
                  | scales. (AC +2) [potion of mutation]
 26800 | Elf:1    | Entered Level 1 of the Elven Halls
 27049 | Elf:1    | Paralysed by an air elemental for 1 turns
 27099 | Elf:1    | Paralysed by an air elemental for 1 turns
 27704 | Elf:1    | Got the Elucidation of Chemistry and Cold
 28110 | D:3      | Bought a bloodstained crystal plate armour for 2040 gold
                  | pieces
 28110 | D:3      | Identified the +8 crystal plate armour "Nuuts" {rN+ Will++
                  | Int+2} (You bought it in a shop on level 3 of the Dungeon)
 28410 | Spider:1 | Entered Level 1 of the Spider Nest
 28672 | Spider:1 | Reached skill level 18 in Fighting
 29802 | Spider:2 | Identified the amulet of Xegur {Reflect rPois Slay+2 SH+5
                  | Stlth+}
 29967 | Swamp:1  | Entered Level 1 of the Swamp
 29991 | Swamp:1  | Noticed a tentacled monstrosity
 29996 | Swamp:1  | Noticed Farjai's ghost (journeyman DsAl)
 30024 | Swamp:1  | Identified the +1 helmet "Otoam" {rF+ Int+2}
 30029 | Swamp:1  | Found a transporter.
 30070 | Swamp:1  | Identified the +0 scale mail of Spite {Harm rC+ Dex-5}
 30248 | Swamp:1  | Found a transporter.
 30268 | Swamp:1  | Identified the serpent talisman of the Merwolf {+Blink rF-
                  | Dex+7}
 30268 | Swamp:1  | Noticed Aizul
 30278 | Swamp:1  | Banished Aizul
 30338 | Swamp:1  | Reached XP level 18. HP: 135/157 MP: 23/25
 31453 | Swamp:3  | Reached skill level 10 in Invocations
 31516 | Swamp:3  | Noticed a tentacled monstrosity
 31527 | Swamp:3  | Killed a tentacled monstrosity
 31838 | Swamp:4  | Entered Level 4 of the Swamp
 32203 | Swamp:4  | Noticed Louise
 32211 | Swamp:4  | Killed Louise
 32502 | Swamp:4  | Identified the +3 buckler "Paarafug" {rN+ Regen+ Int-5
                  | SInv}
 32617 | Swamp:4  | Reached skill level 19 in Fighting
 32886 | Swamp:4  | Got a decaying rune of Zot
 32908 | Swamp:4  | Reached XP level 19. HP: 166/166 MP: 27/27
 33610 | Spider:2 | Reached skill level 10 in Shapeshifting
 33861 | Spider:3 | Noticed Arachne
 33881 | Spider:3 | Killed Arachne
 33895 | Spider:3 | Found a glacial archway.
 33918 | IceCv    | Entered an ice cave
 34136 | IceCv    | Found an ancient bone altar of Kikubaaqudgha.
 34425 | IceCv    | Identified the +1 mace of World Downfall {freeze, rElec
                  | rF+++ rCorr Int-2}
 34638 | Spider:2 | Reached skill level 15 in Armour
 34842 | Spider:3 | Got the Almanac of Creation and Calefaction
 34856 | Spider:3 | Got the Encyclopedia of Glamour
 34861 | Spider:3 | Identified the +2 falchion of Sucewaosk {venom, *Noise
                  | ^Fragile Will+++ Str+6}
 35115 | Spider:4 | Entered Level 4 of the Spider Nest
 36192 | Spider:4 | Reached XP level 20. HP: 171/176 MP: 3/29
 36335 | Spider:4 | Identified the orb of Jazitt {guile, rF+ MP+9 Str+2 Int+3}
 36370 | Spider:4 | Got a gossamer rune of Zot
 36787 | D:3      | Bought the +3 pair of seven-league boots {Rampage+∞} for
                  | 960 gold pieces
 36787 | D:3      | Found the +3 pair of seven-league boots {Rampage+∞}
 37272 | Vaults:1 | Entered Level 1 of the Vaults
 37290 | Vaults:1 | Identified the +5 arbalest "Aley" {antimagic, rElec rF-
                  | rN++ Int+3}
 37319 | Vaults:1 | Found Wiurieh's Assorted Antiques.
 37330 | Vaults:1 | Bought a large golden amulet for 85 gold pieces
 37709 | Vaults:1 | Reached skill level 20 in Fighting
 38339 | Vaults:1 | You fall into a shaft and drop 1 floor!
 38389 | Vaults:2 | Identified the +1 robe of Gravity {Harm rElec}
 39036 | Vaults:2 | Found a staircase to the Crypt.
 39635 | Vaults:2 | Reached XP level 21. HP: 184/184 MP: 31/31
 39950 | Vaults:3 | Found Nacroemp's Armour Shop.
 39968 | Vaults:3 | Paralysed by a formless jellyfish for 1 turns
 40038 | Vaults:3 | Identified the +6 falchion "Abruren" {heavy, rElec Dex+3}
 40927 | Vaults:3 | Reached skill level 21 in Fighting
 41479 | Vaults:3 | Found a runed translucent door.
 41479 | Vaults:3 | Noticed garrulousMonolith's ghost (veteran GnFi)
 42209 | Elf:2    | Noticed Donald
 42216 | Elf:2    | Killed Donald
 42270 | Elf:2    | Noticed Zenata
 42296 | Elf:2    | Killed Zenata
 42654 | Elf:2    | Found a runed translucent gate.
 42655 | Elf:2    | Found a runed translucent gate.
 42655 | Elf:2    | Found a runed translucent gate.
 42778 | Elf:2    | Reached XP level 22. HP: 194/194 MP: 32/32
 43260 | Elf:2    | Reached skill level 15 in Shapeshifting
 43312 | Elf:2    | Identified the blade talisman of the Oni {rPois rN+ MP+9
                  | Dex+3}
 43362 | Elf:2    | Noticed Azrael
 43374 | Elf:2    | Killed Azrael
 43467 | Elf:2    | Noticed Norris
 43499 | Elf:2    | Killed Norris
 43769 | Elf:3    | Entered Level 3 of the Elven Halls
 43775 | Elf:3    | Found Exkabra's Antique Armour Boutique.
 43831 | Elf:3    | Found Finusad's Magic Scroll Boutique.
 43976 | Elf:3    | Noticed Saint Roka
 44021 | Elf:3    | Killed Saint Roka
 44187 | Elf:3    | Found Fefytuis's Distillery.
 44200 | Elf:3    | Bought 2 potions of curing for 78 gold pieces
 44200 | Elf:3    | Bought a potion of heal wounds for 65 gold pieces
 44200 | Elf:3    | Bought a potion of curing for 39 gold pieces
 44247 | Elf:3    | Found Lolott's Armour Boutique.
 44358 | Elf:3    | Found Pemots's Distillery.
 45117 | Elf:3    | Bought a scroll of noise for 20 gold pieces
 45416 | Elf:3    | Identified the +0 chain mail of Terror {+Inv rElec Str+8
                  | Dex-5}
 45428 | Elf:3    | Identified the ring "Oshreequc" {Str+6 Dex+4}
 45572 | Elf:3    | Identified the +0 chain mail "Arusung" {rC+ Str+7 Slay-6}
 45574 | Elf:3    | Got the Monograph on Misfortune and Glaciation
 45593 | Elf:3    | Identified the +0 long sword of Putrescence {pain, SInv}
 45606 | Elf:3    | Found the +3 pair of gauntlets of War {Slay+5}
 45635 | Elf:3    | Identified the staff "Louffoid" {rPois Str+4 Alchemy}
 45638 | Elf:3    | Got Igienauh's Omnibus of Arsenical Nephomancy
 46171 | Vaults:3 | Bought the +10 tower shield of Ignorance {rN+ Int-4} for
                  | 744 gold pieces
 46171 | Vaults:3 | Found the +10 tower shield of Ignorance {rN+ Int-4}
 46351 | Depths:1 | Entered Level 1 of the Depths
 46682 | Depths:1 | Found a one-way gate leading to the halls of Pandemonium.
 46765 | Depths:1 | Found a gateway to Hell.
 46799 | Depths:1 | Identified the death talisman of the Endless Expanse {Fly}
 47188 | Depths:1 | Found a sparkling altar of Nemelex Xobeh.
 47490 | Depths:1 | Reached XP level 23. HP: 170/202 MP: 33/33
 47528 | Depths:1 | Found the +5 Lochaber axe {reach-cleave, Poleaxe ^Drain}
 47608 | Depths:1 | Found a one-way gate leading to the halls of Pandemonium.
 47716 | Depths:1 | Found a gateway to Hell.
 47844 | Depths:1 | Found a sparkling altar of Nemelex Xobeh.
 48100 | Depths:2 | Noticed Nikola
 48241 | Depths:1 | Killed Nikola
 48325 | Depths:2 | Noticed an ancient lich
 48468 | Depths:1 | Killed an ancient lich
 49152 | Depths:2 | Identified the staff "Joatweff" {rF+ Str+3 Fire}
 49520 | Depths:2 | Identified the staff of Pride {rElec Str+7 Dex+3 Air}
 49600 | Depths:3 | Noticed Grunn
 49642 | Depths:3 | Banished Grunn
 50478 | Depths:3 | Found a one-way gate to the infinite horrors of the Abyss.
 51129 | Vaults:4 | Reached XP level 24. HP: 178/210 MP: 33/33
 52002 | Vaults:4 | Reached skill level 22 in Fighting
 52596 | Elf:3    | Bought 2 potions of resistance for 320 gold pieces
 53080 | Vaults:5 | Entered Level 5 of the Vaults
 53112 | Vaults:5 | Identified the +4 spear "Mesewaef" {vamp, ^Drain Will+
                  | Str+3 SInv}
 53146 | Vaults:5 | Noticed a dread lich
 53153 | Vaults:5 | Killed a dread lich
 53561 | Vaults:5 | Reached skill level 15 in Polearms
 53644 | Vaults:5 | Reached XP level 25. HP: 190/218 MP: 34/34
 53767 | Vaults:5 | Noticed Xtahua
 53791 | Vaults:5 | Banished Xtahua
 53792 | Vaults:5 | Reached skill level 15 in Invocations
 53917 | Vaults:5 | Identified the +6 scale mail of the Resonant God {rN+ MP+9
                  | Str-3}
 53978 | Vaults:5 | Identified the +4 scale mail "Iraor" {Dex+4}
 54100 | Vaults:5 | Found Luann's Distillery.
 54103 | Vaults:5 | Identified the +2 pair of gloves of the Furrier {rF+}
 54179 | Vaults:5 | Noticed Bai Suzhen
 54193 | Vaults:5 | Killed Bai Suzhen
 54259 | Vaults:5 | Got a silver rune of Zot
 54285 | Vaults:5 | Identified the +1 halberd of the Abyss {drain, rPois rF+
                  | Dex+3}
 54463 | Vaults:5 | Noticed Mara
 54479 | Vaults:5 | Noticed CInkIbrahim's illusion
 54487 | Abyss:5  | Cast into level 5 of the Abyss (CInkIbrahim's illusion)
 54488 | Abyss:5  | Found a corrupted altar of Lugonu.
 54730 | Abyss:5  | Killed Xtahua
 54773 | Abyss:5  | Paralysed by accursed screaming for 1 turns
 54779 | Vaults:5 | Escaped the Abyss
 54792 | Vaults:5 | Killed Mara
 54890 | Vaults:5 | Identified the +1 dagger "Modihen" {pain, *Slow rN+ Will+}
 55136 | Crypt:1  | Entered Level 1 of the Crypt
 55406 | Crypt:1  | Reached skill level 23 in Fighting
 55572 | Crypt:1  | Found a runed translucent gate.
 55573 | Crypt:1  | Found a runed translucent gate.
 55574 | Crypt:1  | Found a runed translucent gate.
 55575 | Crypt:1  | Noticed Sinef's ghost (master OpSh)
 55575 | Crypt:1  | Found an iron altar of Okawaru.
 55757 | Crypt:1  | Killed Sinef's ghost
 55758 | Crypt:1  | Reached XP level 26. HP: 213/228 MP: 34/34
 55784 | Crypt:1  | Identified the +0 robe "Hewamor" {Stlth+}
 55995 | Crypt:2  | Noticed Mennas
 56018 | Crypt:2  | Killed Mennas
 56574 | Crypt:3  | Entered Level 3 of the Crypt
 56634 | Crypt:3  | Noticed a dread lich
 56651 | Crypt:3  | Banished a dread lich
 56691 | Crypt:3  | Found a magical portal.
 56696 | WizLab   | Entered The Chambers of the Cloud Mage
 56705 | WizLab   | Paralysed by an air elemental for 1 turns
 56709 | WizLab   | Paralysed by an air elemental for 1 turns
 56718 | WizLab   | Paralysed by an air elemental for 1 turns
 56720 | WizLab   | Paralysed by an air elemental for 1 turns
 56929 | WizLab   | Paralysed by an air elemental for 1 turns
 56970 | WizLab   | Paralysed by an air elemental for 1 turns
 57190 | WizLab   | Paralysed by an air elemental for 1 turns
 57197 | WizLab   | Identified the ring "Jiumec" {Fly Int+3 Dex-2 Stlth+}
 57207 | WizLab   | Identified the ring "Ojeavino" {^Contam Will+ EV+5 Str+2
                  | SInv}
 57966 | Crypt:3  | Reached skill level 15 in Shields
 58180 | Crypt:3  | Found a staircase to the Tomb.
 58350 | Crypt:3  | Noticed a royal mummy
 58361 | Crypt:3  | Banished a royal mummy
 58449 | Crypt:3  | Identified the +0 ring mail "Ceyd" {Rampage ^Drain rElec
                  | Regen+}
 58660 | Crypt:3  | Found the +5 scythe "Finisher" {speed, execute}
 58665 | Crypt:3  | Identified the +1 leather armour of Divine Intervention
                  | {rCorr}
 59087 | Depths:4 | Entered Level 4 of the Depths
 59329 | Depths:4 | Found Xiworin's Antique Armour Shoppe.
 59333 | Depths:4 | Found Cekeuh's Jewellery Emporium.
 59339 | Depths:4 | Found Ejiycyde's Magic Scroll Shoppe.
 59387 | Depths:4 | Noticed Vv
 59422 | Depths:4 | Killed Vv
 59558 | Depths:4 | Found a gate to the Realm of Zot.
 59609 | Depths:4 | Noticed Xutext's ghost (adept DsAK)
 59610 | Depths:4 | Found a transporter.
 59623 | Depths:4 | Found a one-way gateway to a ziggurat.
 59648 | Depths:4 | Found a transporter.
 59690 | Depths:4 | Found an opulent altar of Gozag.
 60296 | Orc:2    | Bought a runed cloak for 285 gold pieces
 60724 | Slime:1  | Entered Level 1 of the Pits of Slime
 60767 | Slime:1  | Reached XP level 27. HP: 237/237 MP: 35/35
 61823 | Slime:4  | Reached skill level 24 in Fighting
 62002 | Slime:5  | Entered Level 5 of the Pits of Slime
 62710 | Slime:5  | Found a viscous altar of Jiyva.
 62792 | Slime:5  | Noticed the Royal Jelly
 62836 | Slime:5  | Killed the Royal Jelly
 62914 | Slime:5  | Found the +7 sceptre of Torment {pain, torment}
 62993 | Slime:5  | Identified the ring "Oclaes" {rCorr EV+5 Str-5 Dex+2}
 62997 | Slime:5  | Identified the ring "Gagar" {*Corrode Fly Dex+7}
 62999 | Slime:5  | Identified the ring "Zoaneyje" {rN++ rCorr Int+3 SInv}
 63022 | Slime:5  | Identified the amulet "Olaomeri" {Faith Dex+3}
 63027 | Slime:5  | Got a slimy rune of Zot
 63028 | Slime:5  | Identified the +0 sling of Laceration {flame, rPois rC+
                  | Int+3}
 63087 | Slime:5  | Identified the ring of Doors {^Contam rElec rPois Int+6
                  | Dex+4}
 63721 | Vaults:5 | Bought 2 potions of enlightenment for 190 gold pieces
 63721 | Vaults:5 | Bought a potion of haste for 190 gold pieces
 63980 | Depths:3 | Voluntarily entered the Abyss.
 64012 | Abyss:5  | Reached skill level 1 in Stealth
 64510 | Depths:3 | Escaped the Abyss
 64516 | Depths:3 | Voluntarily entered the Abyss.
 64707 | Abyss:6  | Paralysed by accursed screaming for 1 turns
 64723 | Abyss:6  | Reached skill level 5 in Stealth
 64726 | Abyss:6  | Paralysed by accursed screaming for 2 turns
 64737 | Abyss:6  | Paralysed by accursed screaming for 2 turns
 64758 | Abyss:7  | Entered Level 7 of the Abyss
 64767 | Abyss:7  | Found a corrupted altar of Lugonu.
 64796 | Abyss:7  | Killed from afar by a revenant

Illustrated notes

Levels and vault maps discovered:
D:1:      evilmike_arrival_plus, layout_rooms
D:2:      layout_loops_corners, uniq_sigmund, uniq_jessica
D:3:      layout_loops_ring, serial_shops, nicolae_shop_rolling_square,
          nicolae_shop_hallway_plus, shop, shop, shop
D:4:      layout_cave_pods, gup_ossuary_entry_pyramid, chequers_garden,
          uniq_robin, uniq_duvessa
D:5:      layout_loops_ring, mainiacjoe_overflow_two_lobes, serial_bayou_pond_e,
          nicolae_letterblocks [nicolae_letter_subblock,
          nicolae_letter_subblock, nicolae_letter_subblock,
          nicolae_letter_subblock, nicolae_letter_subblock,
          nicolae_letter_subblock, nicolae_letter_subblock,
          nicolae_letter_subblock, nicolae_letter_subblock,
          nicolae_letter_subblock, nicolae_letter_subblock,
          nicolae_letter_subblock, nicolae_letter_subblock,
          nicolae_letter_subblock, nicolae_letter_subblock,
          nicolae_letter_subblock, nicolae_letter_subblock,
          nicolae_letter_subblock, nicolae_letter_subblock,
          nicolae_letter_subblock, nicolae_letter_subblock,
          nicolae_letter_subblock, nicolae_letter_subblock,
          nicolae_letter_subblock, nicolae_letter_subblock], uniq_eustachio
D:6:      kennysheep_six_static_rooms, layout_loops_ring,
          minmay_temple_entry_glass, minmay_misc_feat_tiny,
          dreamdust_princess_bridge, minmay_fractal_squares_gapless_5,
          uniq_maggie
D:7:      layout_loops_cross, enter_bailey_2, minmay_strange_pillars,
          uniq_crazy_yiuf_cottage, uniq_maurice, uniq_pikel, uniq_jeremiah
D:8:      minmay_slanted_spiral_squares, layout_basic,
          nicolae_overflow_hidden_temple, serial_shops, nicolae_square_shop
D:9:      bobbens_index_wilting_gardens, layout_long_grid,
          minmay_misc_feat_square, uniq_prince_ribbit1
D:10:     layout_big_octagon, mainiacjoe_overflow_brackets,
          small_statue_intersection, minmay_misc_feat_tower, kennysheep_doodads,
          kennysheep_generic_room_14
D:11:     layout_loops_ring, hellmonk_lair_entry_icy, orc_0_dummy,
          gammafunk_ghost_grave, kennysheep_vampire_church
D:12:     cheibrodos_histonic, layout_basic,
          hellmonk_okawaru_the_only_friend_you_need, uniq_jorgrun, uniq_frances,
          uniq_snorg
D:13:     layout_basic, erik_vaults_2
D:14:     layout_loops_ring, nicolae_ru_sacrificial_ziggurat,
          minmay_misc_feat_plants, hex_tiny
D:15:     gammafunk_depths_entry_grave, layout_cave_pools,
          nicolae_trove_entry_path_of_doom, nicolae_vehumet_altar_sigil,
          nicolae_diode_quadrants
Temple:   eino_narrow_crystal_temple
Lair:1:   layout_layer_cave
Lair:2:   layout_loops_ring, nicolae_spider_entry_lesser_pyramids
Lair:3:   layout_roguey, nicolae_swamp_entry_splash_gauntlet,
          nicolae_volcano_entry_batcave, minmay_lair_oklob_bushes,
          beast_lair_carwin_1
Lair:4:   layout_layer_cave, slime_entry_2, grunt_megastairs_4,
          serial_bayou_shore_a, uniq_urug
Lair:5:   hangedman_lair_in_review, layout_regular_city,
          hangedman_lair_caniforms_friends
Swamp:1:  layout_falls_marsh, gammafunk_ghost_arena,
          nicolae_swamp_ascending_descending, uniq_aizul
Swamp:2:  layout_basic_swamp, serial_swamp_ruin, evilmike_swamp_ruin_rubble_1,
          hangedman_swamp_ruin_hall
Swamp:3:  layout_basic_swamp, evilmike_swamp_ruin_house_3
Swamp:4:  nzn_swamp_witches_coven, layout_basic_swamp, uniq_louise
Spider:1: layout_chambers, special_room [special_room_bee]
Spider:2: layout_spider_delve
Spider:3: layout_spider_delve, portal_ice_cave_entry_pillars_three, drop_trap,
          nicolae_spider_world_wide_web, uniq_arachne
Spider:4: spider_rune_water, nicolae_spider_solar_radiation
Slime:1:  layout_caves
Slime:2:  layout_caves
Slime:3:  layout_caves
Slime:4:  layout_caves, cheibrodos_slime_lost_civilization_7
Slime:5:  slime_pit
Orc:1:    layout_diamond_mine, basic_altar
Orc:2:    st_orc_mages, layout_diamond_mine
Elf:1:    layout_loops_cross, nicolae_elf_shapeshifter_party, st_stairs_10
Elf:2:    nicolae_elf_blades_crystal_corner, layout_gridlike, uniq_norris,
          uniq_zenata, uniq_azrael, uniq_donald
Elf:3:    minmay_elf_hall_four_x, layout_rooms, serial_shops,
          nicolae_shop_back_alley_shop, shop, nicolae_shop_crystal,
          nicolae_shop_pleasant_corner_grove, shop, uniq_saint_roka
Vaults:1: v_misc_19, nicolae_vaults_house_2, ontoclasm_vaults_eye,
          nicolae_vaults_angled_halls, nicolae_vaults_yaktaur_gun_rack,
          nicolae_vaults_ninety_degrees, grunt_vaults_twisty, st_more_cells,
          v_pattern_5, nicolae_vaults_stepped_doors, ontoclasm_vaults_pinch,
          nicolae_vaults_apartment_1, layout_vaults_omnigrid, serial_shops,
          nicolae_shop_statue_plus
Vaults:2: st_cross, hangedman_vaults_stitches, dpeg_vaults_monster_row,
          minmay_crypt_entry_vampire_xt, nicolae_vaults_little_squares_2,
          vaults_mumra_hex, hangedman_vaults_locks,
          nicolae_vaults_tetromino_L_2, nicolae_vaults_door_testing_chamber,
          hangedman_vaults_cutoff, vaults_room_pools,
          hangedman_vaults_stretched_pinwheel, vaults_room_pools,
          nicolae_vaults_apartment_1, layout_vaults_big_cross
Vaults:3: ebering_ghost_inner_flame, vaults_room_door_hall,
          serial_library_hellmonk_open_square, vaults_mumra_hexcomb,
          nicolae_vaults_tangram_2, st_eye, vaults_room_mumra_shop_pool,
          hangedman_vaults_slice, nicolae_vaults_trapezoid_4,
          nicolae_vaults_trapezoid_1, layout_vaults_chaotic_city
Vaults:4: ontoclasm_vaults_spin, nicolae_vaults_little_ls,
          nicolae_vaults_shock_wave, nicolae_vaults_network_periphery,
          hangedman_vaults_corner, nicolae_vaults_diamond_2, vaults_room_pools,
          nicolae_vaults_mitosis, hangedman_vaults_pinch, v_misc_26,
          v_alt_pattern_3, nicolae_vaults_tetromino_T_1, layout_vaults_maze
Vaults:5: uniq_bai_suzhen, uniq_mara, uniq_xtahua
Crypt:1:  layout_rooms, gammafunk_ghost_fury_of_okawaru,
          ebering_dispersal_statue_hall
Crypt:2:  layout_misc_corridors, st_stairs_6, nicolae_crypt_tucked_away,
          uniq_mennas
Crypt:3:  due_elkab, layout_chaotic_city, mu_enter_wizlab_1
Depths:1: layout_cave_pools, pan_entry, pf_vacation_house_of_asmodeus,
          nemelex_diamond_rough_becter, nicolae_guarded_unrand_lochaber
Depths:2: hangedman_crystal_crosses_colossus [crystal_crosses_arms_two,
          crystal_crosses_arms_two, crystal_crosses_arms_one], serial_shops,
          pan_entry, hell_entry, uniq_nikola
Depths:3: cheibrodos_salmonella, layout_basic, grunt_decor_resistance,
          hangedman_abyss_entry_splay, hell_entry, minmay_misc_feat_enclosed,
          uniq_grunn
Depths:4: evilmike_zot_entry_basic, layout_twisted_cross, enter_ziggurat_b,
          grunt_hell_entry_dis_old, gammafunk_ghost_arena,
          nicolae_gozag_cash_rules_everything_around_me, minmay_shop_star,
          uniq_vv
Abyss:7:  base: Slime:5, evilmike_abyss_exit_12,
          due_evilmike_abyss_rune_seething_liches, evilmike_abyss_exit_11,
          hangedman_classic_abyss_death, evilmike_abyss_exit_11,
          evilmike_nicolae_abyss_rune_betentacled_crabyss

Skill      XL: |  1  2  3  4  5  6  7  8  9 10 11 12 13 14 15 16 17 18 19 20 21 22 23 24 25 26 27 |
---------------+----------------------------------------------------------------------------------+-----
Shapeshifting  | 7 9 11 13 14 16 21 23 | 23.0
Polearms       | 2 5 8 12 14 15 16 18 20 | 20.0
Dodging        | 6 12 13 15 16 17 18 20 21 | 21.7
Fighting       | 5 10 11 13 14 16 17 18 19 20 21 22 23 24 | 24.6
Armour         | 6 8 9 11 13 14 15 16 17 18 19 20 | 20.1
Shields        | 3 7 9 11 12 13 14 15 16 | 16.6
Invocations    | 2 6 9 11 12 13 14 15 16 | 16.0
Stealth        | 5 |  5.1
Unarmed Combat | |  3.2

Action                     |  1- 3 |  4- 6 |  7- 9 | 10-12 | 13-15 | 16-18 | 19-21 | 22-24 | 25-27 || total
---------------------------+-------+-------+-------+-------+-------+-------+-------+-------+-------++-------
  Melee: Unarmed           |    61 |     6 |       |       |       |       |       |       |       ||    67
         Trident           |       |   112 |   301 |       |       |       |       |       |       ||   413
         Punch             |       |     2 |     8 |     6 |     7 |       |       |       |       ||    23
         Spear             |       |       |    18 |    90 |       |       |       |       |       ||   108
         Tailslap          |       |       |     1 |     2 |       |    18 |    12 |     2 |       ||    35
         Demon trident     |       |       |       |   131 |  1264 |  1326 |  1524 |  1651 |  2569 ||  8465
  Throw: Dart              |       |     2 |     3 |     1 |       |       |       |       |       ||     6
         Boomerang         |       |     2 |       |       |       |       |       |       |       ||     2
 Invoke: Greater Servant o |       |       |       |       |       |       |     4 |     1 |     2 ||     7
         Major Destruction |       |       |       |       |       |       |       |       |     2 ||     2
Ability: Begin Untransform |       |       |       |       |       |       |     1 |     2 |     1 ||     4
         Siphon Essence    |       |       |       |       |       |       |       |       |     1 ||     1
  Evoke: Wand              |       |       |       |       |       |     1 |       |       |       ||     1
    Use: Potion            |     1 |     2 |     8 |     2 |     2 |     2 |    10 |    10 |     4 ||    41
         Scroll            |       |     4 |    12 |     8 |    11 |     6 |    10 |     5 |    13 ||    69
   Stab: Sleeping          |     3 |       |       |     2 |       |       |       |       |       ||     5
         Invisible         |       |       |     5 |       |       |       |     4 |     1 |       ||    10
         Distracted        |       |       |       |     2 |     2 |     3 |     1 |       |     1 ||     9
         Petrified         |       |       |       |       |     5 |       |       |     6 |     2 ||    13
         Fleeing           |       |       |       |       |       |       |     1 |       |       ||     1
 Armour: Animal skin       |    25 |       |       |       |       |       |       |       |       ||    25
         Skin              |     3 |       |       |       |       |       |       |       |       ||     3
         Ring mail         |       |    72 |    92 |       |       |       |       |       |       ||   164
         Acid dragon scale |       |       |    36 |    48 |   173 |       |       |       |       ||   257
         Scale mail        |       |       |       |       |   189 |   178 |       |       |       ||   367
         Crystal plate arm |       |       |       |       |       |   174 |   658 |   433 |   577 ||  1842
  Dodge: Dodged            |    44 |    51 |   127 |    58 |   335 |   221 |   440 |   229 |   396 ||  1901
         Repelled          |       |       |       |       |       |       |     5 |    11 |    26 ||    42
  Block: Kite shield       |       |       |       |       |   201 |   395 |       |       |       ||   596
         Reflection        |       |       |       |       |       |    16 |    76 |    86 |    52 ||   230
         Buckler           |       |       |       |       |       |       |   596 |   106 |       ||   702
         Tower shield      |       |       |       |       |       |       |       |   961 |  1964 ||  2925
   Form: Death             |       |       |       |       |       |       |       |     4 |     1 ||     5
                           |       |       |       |       |       |       |       |     1 |       ||     1
